 Dungeon Crawl Stone Soup version 0.22.0-38-g04b72b8 (webtiles) character file.

69 epen the Insei (level 4, -3/40 HPs)
             Began as a Draconian Monk on Aug 26, 2018.
             Was an Initiate of Ru.
             Slain by a gnoll
             ... wielding a +0 flail
              (6 damage)
             ... on level 3 of the Dungeon.
             The game lasted 00:02:59 (1844 turns).

epen the Insei (Draconian Monk)                     Turns: 1844, Time: 00:02:59

Health: -3/40      AC:  5    Str: 13    XL:     4   Next: 2%
Magic:  4/4        EV: 13    Int: 10    God:    Ru [......]
Gold:   124        SH:  0    Dex: 15    Spells: 3/3 levels left

rFire    . . .     SeeInvis .     - Unarmed
rCold    . . .     Gourm    .   (no shield)
rNeg     . . .     Faith    .   (armour unavailable)
rPois    .         Spirit   .   (helmet restricted)
rElec    .         Reflect  .   (no cloak)
rCorr    .         Harm     .   (no gloves)
MR       .....                  (no boots)
Stlth    ++........             (no amulet)
HPRegen  0.13/turn              (no ring)
MPRegen  0.09/turn              (no ring)

@: no status effects
A: unfitting armour, cold-blooded, missing an eye, AC +5
a: Renounce Religion


You were on level 3 of the Dungeon.
You worshipped Ru.
Ru was noncommittal.
You were not hungry.

You visited 1 branch of the dungeon, and saw 3 of its levels.

You collected 124 gold pieces.

Inventory:

Jewellery
 l - an uncursed ring of magical power {unknown}
 n - an uncursed ring of magical power {unknown}
 o - an uncursed ring of stealth {unknown}
Wands
 g - a wand of enslavement (10)
Scrolls
 b - a scroll of enchant weapon {unknown}
 d - 2 scrolls of remove curse {unknown}
 e - 3 scrolls of identify {unknown}
 f - a scroll of enchant armour {unknown}
 j - a scroll of amnesia {unknown}
 p - a scroll of random uselessness {unknown}
 q - a scroll of noise {unknown}
Potions
 c - 2 potions of flight {unknown}
 h - a potion of ambrosia {unknown}
 i - a potion of heal wounds {unknown}
 m - 3 potions of curing {unknown}
Comestibles
 a - 5 rations


   Skills:
 + Level 3.9 Fighting
 + Level 3.2 Dodging
 - Level 1.7 Stealth
 * Level 4.1 Unarmed Combat


You had 3 spell levels left.
You didn't know any spells.
Your spell library was empty.

Dungeon Overview and Level Annotations

Branches:
Dungeon (3/15)

Altars:
Ashenzari
Ru


Innate Abilities, Weirdness & Mutations

Your plain brown scales are hard. (AC +5)
You cannot fit into any form of body armour.
You are cold-blooded and may be slowed by cold attacks.
You are missing an eye, making it more difficult to aim.


Message History

You barely miss the gnoll.
The gnoll is moderately wounded.
The gnoll hits you with a flail.
* * * LOW HITPOINT WARNING * * *
You hit the gnoll.
The gnoll is severely wounded.
The gnoll hits you with a flail!
* * * LOW HITPOINT WARNING * * *
You completely miss the gnoll.
Your tail-slap misses the gnoll.
The gnoll is severely wounded.
You closely miss the gnoll.
The gnoll is severely wounded.
The gnoll closely misses you.
You barely miss the gnoll.
Your tail-slap misses the gnoll.
The gnoll is severely wounded.
The gnoll closely misses you.
You barely miss the gnoll. You tail-slap the gnoll.
The gnoll is severely wounded.
The gnoll hits you with a flail.
You die...

........!# #.# .........#
####.# .........# #....##
.........# ######.##..#
#........g.# ##
#.#######..# .# ##.# ###
#..# .# #..#######..# .#
#..@g'_'....# .#
#..###'###.## .# #..# #.#
#.# .#############..###.#
#.#
.'.......†..............#
.########################
.# ##


You could see a gnoll.

Vanquished Creatures
  A gnoll (D:3)
  2 leopard geckos
  5 bats
  7 giant cockroaches
  10 goblins
  6 hobgoblins
  2 jackals (D:1)
  2 quokkas (D:2)
  2 frilled lizards
  4 kobolds
  11 rats
52 creatures vanquished.

Notes
Turn   | Place    | Note
-------+----------+-------------------------------------------
     0 | D:1      | epen the Draconian Monk began the quest for the Orb.
     0 | D:1      | Reached XP level 1. HP: 19/19 MP: 1/1
   275 | D:1      | Reached XP level 2. HP: 21/26 MP: 2/2
   657 | D:1      | Reached XP level 3. HP: 30/31 MP: 3/3
   886 | D:2      | Found a sacrificial altar of Ru.
   904 | D:2      | Became a worshipper of Ru the Awakened
   922 | D:2      | Gained mutation: You are missing an eye, making it more difficult to aim. [Ru sacrifice]
  1706 | D:3      | Reached skill level 4 in Unarmed Combat
  1741 | D:3      | Found a shattered altar of Ashenzari.
  1837 | D:3      | Reached XP level 4. HP: 13/40 MP: 4/4
  1844 | D:3      | Slain by a gnoll

Skill      XL: |  1  2  3 |
---------------+----------+-----
Dodging        | 3 |  3.2
Unarmed Combat | 4 |  4.1
Fighting       | |  3.9
Stealth        | |  1.7

Action                   |  1- 3 |  4- 6 || total
-------------------------+-------+-------++-------
Melee: Unarmed           |   145 |     7 ||   152
       Tailslap          |    21 |     1 ||    22
       Punch             |     2 |       ||     2
Invok: Sacrifice an Eye  |     1 |       ||     1
 Stab: Sleeping          |     5 |       ||     5
  Eat: Chunk             |     3 |       ||     3
Armor: Skin              |    60 |       ||    60
Dodge: Dodged            |   124 |     3 ||   127
